 Dungeon Crawl Stone Soup version 0.30-b1-2-g02819fbbbe (webtiles) character file.

Game seed: 4392085702810412439

27603 Megalobster the Executioner (level 13, -2/96 HPs)
             Began as a Minotaur Berserker on Dec 28, 2023.
             Was a High Priest of Trog.
             Slain by Rupert
             ... wielding a +1 heavy great sword
              (42 damage)
             ... on level 3 of the Lair of Beasts on Dec 30, 2023.
             The game lasted 00:57:41 (13951 turns).

Megalobster the Executioner (Minotaur Berserker)   Turns: 13951, Time: 00:57:42

Health: -2/96      AC: 18    Str: 34    XL:     13   Next: 5%
Magic:  12/12      EV: 14    Int:  7    God:    Trog [*****.]
Gold:   801        SH:  0    Dex: 11    Spells: 12/12 levels left

rFire   . . .        a - +4 executioner's axe "Cedod" {heavy, rPois Will- Str+4 SInv}
rCold   + . .        (shield currently unavailable)
rNeg    . . .        T - +0 plate armour {rC+}
rPois   +            (helmet restricted)
rElec   .            o - +0 cloak
rCorr   .            (no gloves)
SInv    +            k - +1 pair of boots {Fly}
Will    .....        F - amulet of faith Stlth
                     C - ring of see invisible
HPRegen 0.36/turn    I - ring of Juqupoer {+Blink Will+ EV+5 Str+4 Int+3}
MPRegen 0.13/turn

%: faith
@: on berserk cooldown, flying, slowed, very slow
A: horns 2, retaliatory headbutt
a: Renounce Religion, Evoke Blink, Berserk, Trog's Hand, Brothers in Arms


You were on level 3 of the Lair of Beasts.
You worshipped Trog.
Trog was extremely pleased with you.
You visited 2 branches of the dungeon, and saw 14 of its levels.
You also visited: Ice Cave.

You collected 1144 gold pieces.
You spent 343 gold pieces at shops.

Inventory:

Hand Weapons
 a - the +4 executioner's axe "Cedod" (weapon) {heavy, rPois Will- Str+4 SInv}
   (Trog gifted it to you on level 1 of the Lair of Beasts)

   Str:       It affects your strength (+4).
   rPois:     It protects you from poison.
   SInv:      It lets you see invisible.
   Will:      It decreases your willpower.
 b - a +0 mace of draining
 g - a +4 war axe
Missiles
 f - 5 throwing nets (quivered) {!f}
 j - 2 boomerangs of dispersal
Armour
 k - a +1 pair of boots of flying (worn)
 o - a +0 cloak (worn)
 z - a +1 pair of boots
 J - the +2 leather armour "Hosselih" {Regen+ Int+3 Dex+4 Stlth+}
   (You found it on level 9 of the Dungeon)

   Int:       It affects your intelligence (+3).
   Dex:       It affects your dexterity (+4).
   Regen:     It increases your rate of health regeneration.
   Stlth:     It makes you more stealthy.
 T - a +0 plate armour of cold resistance (worn)
Jewellery
 C - a ring of see invisible (left hand)
 F - an amulet of faith (around neck)
 H - a ring of protection from fire
 I - the ring of Juqupoer (right hand) {+Blink Will+ EV+5 Str+4 Int+3}
   (You found it on level 9 of the Dungeon)

   [ring of evasion]

   EV:        It affects your evasion (+5).
   Str:       It affects your strength (+4).
   Int:       It affects your intelligence (+3).
   +Blink:    It lets you blink.
   Will:      It increases your willpower.
 K - a +5 ring of evasion
Wands
 d - a wand of paralysis (6)
 u - a wand of mindburst (33)
 A - a wand of flame (24)
 B - a wand of iceblast (14)
 O - a wand of digging (8)
 S - a wand of polymorph (9)
Scrolls
 h - 4 scrolls of fog
 i - 4 scrolls of identify {@r1}
 l - a scroll of summoning {unknown}
 p - 4 scrolls of immolation
 q - 4 scrolls of teleportation
 r - a scroll of vulnerability
 s - a scroll of enchant weapon
 y - 3 scrolls of magic mapping
 D - 2 scrolls of blinking
 E - 2 scrolls of silence
 M - 2 scrolls of enchant armour {unknown}
 Q - a scroll of fear {unknown}
 R - a scroll of brand weapon {unknown}
Potions
 c - 3 potions of resistance
 e - 2 potions of mutation
 m - 2 potions of magic
 n - 3 potions of heal wounds {unknown}
 t - 3 potions of lignification
 v - a potion of flight {unknown}
 w - 3 potions of haste
 x - 5 potions of curing {@q1}
 G - 2 potions of ambrosia {unknown}
 L - a potion of might
 N - 2 potions of attraction {unknown}
 P - 2 potions of cancellation
 U - a potion of berserk rage {unknown}


   Skills:
 + Level 4.1 Fighting
 * Level 22.3 Axes
 - Level 10.4 Armour
 - Level 2.1 Dodging
 - Level 6.2 Evocations


You had 12 spell levels left.
You didn't know any spells.
Your spell library was empty.

Dungeon Overview and Level Annotations

Branches:
Dungeon (11/15)            Temple (0/1) D:6            Lair (3/5) D:9
 Spider (0/4) Lair:2          Orc (0/2) D:11          IceCv (visited)
  Swamp: Lair:2-3    Shoals: Lair:2-3

Altars:
Elyvilon
Fedhas
Hepliaklqana
Makhleb
Nemelex Xobeh
Okawaru
Qazlal
Ru
Uskayaw
Wu Jian
The Shining One
Jiyva

Shops:
D:7 ?*?:

Annotations:
D:9 1 runed translucent door, noone's ghost, novice MiFi
Lair:1 3 runed translucent doors, Termiter's ghost, novice DsNe
Lair:3 Rupert


Innate Abilities, Weirdness & Mutations

You have a pair of horns on your head.
You reflexively headbutt those who attack you in melee.


Message History

You struggle to resist.
Rupert roars madly and goes into a rage!
Rupert goes berserk!
You can move again.
Unknown command.
You feel a strong urge to attack something.
Rupert hits you with a +1 heavy great sword!!!
You slice Rupert!!
Rupert is lightly wounded.
You slash the plant!
The plant begins to die.
Rupert hits you with a +1 heavy great sword!!
You slash Rupert! You headbutt Rupert!
Rupert is moderately wounded.
You slice the plant!! You barely miss Rupert.
Rupert is moderately wounded.
You carve the plant like a ham!!!
Rupert hits you with a +1 heavy great sword!
You open Rupert like a pillowcase!!!
Rupert is heavily wounded.
You slice the plant!!
You hear an angry hiss.
Rupert barely misses you.
You cut Rupert into ribbons!!!
Rupert is severely wounded.
You chop the plant into pieces!!!
A nearby plant withers and dies.
Rupert completely misses you.
You slice Rupert!! You headbutt Rupert!
Rupert is almost dead.
Rupert barely misses you.
You barely miss Rupert. Your headbutt misses Rupert.
Rupert is almost dead.
You are no longer berserk.
You are exhausted.
You feel yourself slow down. Rupert barely misses you. You furiously retaliate!
You headbutt Rupert! You closely miss Rupert.
Rupert is almost dead.
Rupert hits you with a +1 heavy great sword!!!
You die...

##### ##....#......P~P~P~≈
≈≈§§### ####......>..#..~~~~~~
≈§§§§≈####<##......##....~~~~~
^...§§≈≈##.##..:....#....#~##
..##..§§≈§.≈##.....#.....#
.####≈§...≈≈8###...####...# ##
##≈§§§§.≈####...# ####
####≈≈≈≈##.## #..†##
≈≈#≈§≈####<# ##@## #≈≈§### ###
###@.# ##### #..### ##.# #..#
..... #.....## #.....##
#......


You could see Rupert (berserk).

Vanquished Creatures
  A reaper (IceCv)
  A hydra (Lair:2)
  A vampire mage (Lair:2)
  8 death yaks
  2 lindwurms
  An elephant (Lair:2)
  4 black mambas
  An ice statue (IceCv)
  2 molten gargoyles (Lair:3)
  Maggie (D:7)
  A gargoyle (D:10)
  3 cane toads
  2 torpor snails
  A rime drake (Lair:3)
  3 ice devils
  4 komodo dragons
  An anaconda simulacrum (IceCv)
  A hornet (D:8)
  4 polar bears
  4 blink frogs (Lair:3)
  Grinder (D:4)
  A dire elephant simulacrum (IceCv)
  A vampire (D:9)
  3 wyverns
  17 yaks
  A human (Lair:2)
  A steam dragon (D:9)
  3 wargs (D:9)
  4 death yak simulacra (IceCv)
  10 water moccasins
  3 hydra simulacra (IceCv)
  3 black bears
  5 ice beasts
  An orc warrior (D:8)
  2 sky beasts (D:7)
  3 wolves (Lair:1)
  2 phantoms
  2 kobold brigands
  11 bullfrogs
  Blork the orc (D:6)
  4 two-headed ogre simulacra (IceCv)
  5 gnoll sergeants
  2 cane toad simulacra (IceCv)
  4 wights (D:8)
  11 killer bees
  An elephant simulacrum (IceCv)
  A howler monkey (D:10)
  5 lava snakes (Lair:3)
  4 hounds
  4 jellies
  5 orc priests
  4 sleepcaps
  2 gnoll boudas
  Ijyb (D:4)
  2 iguanas
  7 troll simulacra (IceCv)
  14 orc wizards
  A polar bear simulacrum (IceCv)
  7 spriggan simulacra (IceCv)
  Robin (D:4)
  22 gnolls
  12 adders
  4 naga simulacra (IceCv)
  2 shadow imps
  9 white imps
  7 ufetubi
  4 worms (D:2)
  4 dart slugs
  31 orcs
  9 bats
  2 endoplasms (D:1)
  3 giant cockroaches
  9 goblins
  11 hobgoblins
  16 kobolds
  3 quokkas
  6 ball pythons
  3 frilled lizards
  6 rats
  2 plants
371 creatures vanquished.

Vanquished Creatures (others)
  6 fungi
  9 plants
  A withered plant (D:1)
16 creatures vanquished.

Grand Total: 387 creatures vanquished

Notes
Turn   | Place    | Note
-------+----------+-------------------------------------------
     0 | D:1      | Megalobster the Minotaur Berserker began the quest for the
                  | Orb.
     0 | D:1      | Reached XP level 1. HP: 19/19 MP: 0/0
    67 | D:1      | Reached skill level 4 in Axes
   163 | D:1      | Reached XP level 2. HP: 26/26 MP: 1/1
   243 | D:1      | You fall into a shaft and drop 1 floor!
   615 | D:1      | Found a faded altar of an unknown god.
   962 | D:2      | Reached skill level 5 in Axes
  1090 | D:2      | Reached XP level 3. HP: 31/31 MP: 2/2
  1611 | D:2      | Reached XP level 4. HP: 37/39 MP: 3/3
  1773 | D:3      | Reached skill level 6 in Axes
  1777 | D:3      | Reached ** piety under Trog
  2351 | D:3      | Reached XP level 5. HP: 45/45 MP: 4/4
  2393 | D:3      | Reached skill level 7 in Axes
  2661 | D:3      | Reached skill level 8 in Axes
  3048 | D:4      | Reached XP level 6. HP: 51/51 MP: 5/5
  3065 | D:4      | Identified the +5 shortbow of Spite {antimagic, rN+ Int+5}
  3293 | D:4      | Noticed Ijyb
  3309 | D:4      | Killed Ijyb
  3318 | D:4      | Noticed Robin
  3323 | D:4      | Killed Robin
  3482 | D:4      | Noticed Grinder
  3489 | D:4      | Killed Grinder
  3490 | D:4      | Reached skill level 9 in Axes
  3490 | D:4      | Reached skill level 1 in Evocations
  3490 | D:4      | Reached XP level 7. HP: 57/57 MP: 6/6
  3654 | D:4      | Found a burning altar of Makhleb.
  3975 | D:5      | Entered Level 5 of the Dungeon
  3975 | D:5      | Found a blossoming altar of Fedhas.
  4061 | D:5      | Found a sparkling altar of Nemelex Xobeh.
  4078 | D:5      | Reached skill level 10 in Axes
  4169 | D:5      | Found a sacrificial altar of Ru.
  4461 | D:5      | Found a white marble altar of Elyvilon.
  4492 | D:5      | Reached XP level 8. HP: 64/64 MP: 7/7
  4675 | D:6      | Reached skill level 11 in Axes
  4805 | D:6      | Reached *** piety under Trog
  4941 | D:6      | Noticed Blork the orc
  4948 | D:6      | Killed Blork the orc
  4984 | D:6      | Found a staircase to the Ecumenical Temple.
  5105 | D:6      | Found a hide-covered altar of Uskayaw.
  5105 | D:6      | Noticed a +0 dagger
  5105 | D:6      | Noticed a +0 hand axe
  5131 | D:6      | Reached skill level 12 in Axes
  5539 | D:7      | Found Fosy's Book Emporium.
  5550 | D:7      | Reached XP level 9. HP: 70/70 MP: 8/8
  5552 | D:7      | Found Gyaqueg's Magic Scroll Shoppe.
  5565 | D:7      | Bought a scroll of silence for 133 gold pieces
  5565 | D:7      | Bought a scroll of teleportation for 42 gold pieces
  5567 | D:7      | Bought a scroll of identify for 28 gold pieces
  5567 | D:7      | Bought a scroll of identify for 28 gold pieces
  5567 | D:7      | Bought a scroll of identify for 28 gold pieces
  5567 | D:7      | Bought a scroll of fog for 56 gold pieces
  5567 | D:7      | Bought a scroll of identify for 28 gold pieces
  5594 | D:7      | Reached skill level 13 in Axes
  5594 | D:7      | Reached skill level 5 in Evocations
  5887 | D:7      | Noticed Maggie
  5900 | D:7      | Killed Maggie
  6100 | D:7      | Found Tyddutic's Weapon Boutique.
  6106 | D:7      | Reached skill level 14 in Axes
  6122 | D:7      | Found Tekhlu's General Store.
  6220 | D:7      | Found a stormy altar of Qazlal.
  6594 | D:7      | Found Gyckaoco's Magic Scroll Boutique.
  6821 | D:8      | Reached **** piety under Trog
  7363 | D:8      | Reached XP level 10. HP: 77/77 MP: 9/9
  7376 | D:8      | Reached skill level 15 in Axes
  7874 | D:9      | Reached skill level 5 in Armour
  8107 | D:9      | Found an iron altar of Okawaru.
  8144 | D:9      | Found a hazy altar of Hepliaklqana.
  8191 | D:9      | Identified the ring of Juqupoer {+Blink Will+ EV+5 Str+4
                  | Int+3}
  8208 | D:9      | Found a runed translucent door.
  8213 | D:9      | Noticed noone's ghost (novice MiFi)
  8351 | D:9      | Found a staircase to the Lair.
  8364 | D:9      | Reached skill level 16 in Axes
  8594 | D:9      | Identified the +2 leather armour "Hosselih" {Regen+ Int+3
                  | Dex+4 Stlth+}
  8637 | D:9      | Found an ornate altar of the Wu Jian Council.
  9091 | D:10     | Entered Level 10 of the Dungeon
  9183 | D:10     | Found a glowing golden altar of the Shining One.
  9275 | D:10     | Noticed a gargoyle
  9285 | D:10     | Killed a gargoyle
  9285 | D:10     | Reached ***** piety under Trog
  9574 | D:11     | Noticed a boulder beetle
  9635 | Lair:1   | Entered Level 1 of the Lair of Beasts
  9657 | Lair:1   | Noticed a black mamba
  9666 | Lair:1   | Killed a black mamba
  9667 | Lair:1   | Reached skill level 17 in Axes
  9667 | Lair:1   | Reached XP level 11. HP: 68/82 MP: 10/10
  9668 | Lair:1   | Identified the +4 executioner's axe "Cedod" {heavy, rPois
                  | Will- Str+4 SInv} (Trog gifted it to you on level 1 of the
                  | Lair of Beasts)
  9668 | Lair:1   | Received a gift from Trog
  9912 | Lair:1   | Found a frozen archway.
  9926 | IceCv    | Entered an ice cave
 10104 | IceCv    | Reached skill level 18 in Axes
 10301 | IceCv    | Noticed a reaper
 10314 | IceCv    | Killed a reaper
 10315 | IceCv    | HP: 6/123 [two-headed ogre simulacrum (9)]
 10431 | IceCv    | Reached skill level 19 in Axes
 11475 | Lair:1   | Found a runed translucent gate.
 11476 | Lair:1   | Found a runed translucent gate.
 11548 | Lair:1   | Found a runed translucent gate.
 11700 | Lair:1   | Found a viscous altar of Jiyva.
 11700 | Lair:1   | Noticed Termiter's ghost (novice DsNe)
 11926 | Lair:2   | Noticed a death yak
 11930 | Lair:2   | Killed a death yak
 12033 | Lair:2   | Noticed a death yak
 12047 | Lair:2   | Killed a death yak
 12048 | Lair:2   | Reached skill level 20 in Axes
 12168 | Lair:2   | Found a hole to the Spider Nest.
 12184 | Lair:2   | Reached XP level 12. HP: 44/90 MP: 11/11
 12605 | Lair:2   | Noticed an eight-headed hydra
 12612 | Lair:2   | Killed an eight-headed hydra
 12760 | Lair:2   | Identified the +6 dagger of Evil {venom, rF+ rN++ Will-
                  | Str+3 Int-3}
 12872 | Lair:2   | Found a runed translucent door.
 12874 | Lair:2   | Noticed a vampire mage
 13081 | Lair:2   | Killed a vampire mage
 13082 | Lair:2   | Reached skill level 21 in Axes
 13554 | Lair:3   | Noticed a death yak
 13555 | Lair:3   | Noticed a death yak
 13575 | Lair:3   | Killed a death yak
 13578 | Lair:3   | Killed a death yak
 13578 | Lair:3   | Noticed a death yak
 13587 | Lair:3   | Noticed a death yak
 13587 | Lair:3   | Noticed a death yak
 13589 | Lair:3   | Noticed a death yak
 13593 | Lair:3   | Killed a death yak
 13594 | Lair:3   | Reached skill level 10 in Armour
 13603 | Lair:3   | Reached skill level 22 in Axes
 13608 | Lair:3   | Received a gift from Trog
 13665 | Lair:3   | Killed a death yak
 13667 | Lair:3   | Killed a death yak
 13668 | Lair:3   | Killed a death yak
 13734 | Lair:3   | Reached XP level 13. HP: 70/96 MP: 12/12
 13810 | Lair:3   | Identified the +2 falchion "Fish" {flame, Fragile Will++
                  | Int+4}
 13931 | Lair:3   | Noticed Rupert
 13940 | Lair:3   | Paralysed by Rupert for 3 turns
 13951 | Lair:3   | Slain by Rupert

Illustrated notes

Levels and vault maps discovered:
D:1:      mrwooster_arrival_statue, layout_loops_ring,
          shapermc_ecumenical_altar_flowoftime, chequers_serial_rivers_micro_a
D:2:      layout_loops_corners, kennysheep_nub
D:3:      layout_loops_corners
D:4:      layout_loops_corners, lightli_temple_of_fire,
          nicolae_elevator_lobby_asterisk, uniq_grinder, uniq_robin, uniq_ijyb
D:5:      layout_basic, mainiacjoe_overflow_catwalk, fedhas_altar_2,
          elyvilon_altar_5, nicolae_ru_awakened_eye
D:6:      layout_basic, dancing_weapons_uskayaw, lemuel_temple_firewalk_b,
          minmay_bent, uniq_blork_the_orc
D:7:      layout_basic, nicolae_qazlal_beasts_of_the_sky, serial_shops,
          nicolae_shop_peninsula, nicolae_shop_tiny_statue_garden, shop,
          nicolae_square_shop, shop, kennysheep_generic_room_4, uniq_maggie
D:8:      layout_loops_ring, hangedman_abyss_or_decor_lesser_grid,
          roderic_lattice_a
D:9:      layout_cave_pods, nzn_wu_jian_council_hall,
          mainiacjoe_overflow_two_lobes, erik_lair_orcish_takeover,
          hellmonk_ghost_happy_afterlife
D:10:     layout_rooms, amcnicky_altar_gilded
D:11:     layout_cave_pools, orc_0_dummy, enter_trove_6,
          gammafunk_ghost_spectres, gauntlet_entry_generic
Lair:1:   layout_roguey, portal_ice_cave_demonic_guard, gammafunk_ghost_ooze
Lair:2:   nzn_winding_woodlands_three_and_one
          [nzn_winding_woodlands_5x15_river_crossing,
          nzn_winding_woodlands_5x15_pockets,
          nzn_winding_woodlands_5x15_default,
          nzn_winding_woodlands_center_garden], layout_regular_city,
          dummy_spider_entry, pdpol_lair_cabin_in_the_woods,
          serial_bayou_shore_b
Lair:3:   cheibrodos_magma_flow, layout_cave_pods, elwin_shoals_entry_rooms,
          serial_bayou_shore_a, uniq_rupert

Skill      XL: |  1  2  3  4  5  6  7  8  9 10 11 12 13 |
---------------+----------------------------------------+-----
Axes           | 4 5 6 8 9 10 12 14 17 20 22 | 22.3
Evocations     | 1 3 4 6 |  6.2
Armour         | 3 7 10 | 10.4
Fighting       | 4 |  4.1
Dodging        | |  2.1

Action                     |  1- 3 |  4- 6 |  7- 9 | 10-12 | 13-15 || total
---------------------------+-------+-------+-------+-------+-------++-------
  Melee: Hand axe          |    83 |   107 |   303 |       |       ||   493
         Headbutt          |    10 |    15 |    67 |    97 |     4 ||   193
         Punch             |     1 |     2 |     2 |     2 |       ||     7
         War axe           |       |       |    27 |   359 |       ||   386
         Executioner's axe |       |       |       |   106 |    18 ||   124
 Invoke: Berserk           |       |     3 |     4 |     8 |     1 ||    16
         Trog's Hand       |       |     1 |     1 |     5 |       ||     7
Ability: Evoke Blink       |       |       |       |     1 |       ||     1
  Evoke: Wand              |       |       |       |    10 |       ||    10
    Use: Scroll            |       |       |    13 |     5 |       ||    18
         Potion            |       |       |       |     4 |       ||     4
   Stab: Distracted        |       |       |       |     3 |       ||     3
         Sleeping          |       |       |       |     4 |       ||     4
 Armour: Animal skin       |     4 |       |       |       |       ||     4
         Ring mail         |     9 |    30 |    64 |       |       ||   103
         Steam dragon scal |       |       |    15 |    23 |       ||    38
         Leather armour    |       |       |       |    67 |       ||    67
  Dodge: Dodged            |    52 |    55 |   150 |   252 |    15 ||   524
  Block: Buckler           |       |       |       |    12 |       ||    12
